 Dungeon Crawl Stone Soup version 0.26-a0-639-g72c4674329 (webtiles) character file.

Game seed: 16335074294842885712

32 MrRokkomies the Covered (level 2, -2/23 HPs)
             Began as a Demigod Wanderer on Sept 16, 2020.
             Slain by a kobold
             ... wielding a cursed -2 short sword
              (4 damage)
             ... on level 2 of the Dungeon.
             The game lasted 00:02:51 (1755 turns).

MrRokkomies the Covered (Demigod Wanderer)          Turns: 1755, Time: 00:02:51

Health: -2/23      AC:  2    Str: 14    XL:     2   Next: 96%
Magic:  1/7        EV: 12    Int: 16    God:
Gold:   81         SH:  0    Dex: 16    Spells: 3/4 levels left

rFire    . . .     SeeInvis .   f - -3 dagger (curse)
rCold    . . .     Faith    .   (no shield)
rNeg     . . .     Spirit   .   d - +0 robe
rPois    .         Reflect  .   (no helmet)
rElec    .         Harm     .   (no cloak)
rCorr    .         Rampage  .   (no gloves)
MR       .....                  (no boots)
Stlth    ++........             (no amulet)
HPRegen  0.07/turn              (no ring)
MPRegen  0.10/turn              (no ring)

@: very slightly contaminated
A: high mp 1
a: no special abilities


You were on level 2 of the Dungeon.
You visited 1 branch of the dungeon, and saw 2 of its levels.

You collected 81 gold pieces.

Inventory:

Hand Weapons
 a - a +0 dagger
 b - a +0 spear
 f - a cursed -3 dagger (weapon)
Armour
 d - a +0 robe (worn)
Potions
 e - a potion of curing {unknown}


   Skills:
 - Level 1.0 Fighting
   Level 1.0 Maces & Flails
 - Level 2.6 Armour
 * Level 1.6 Dodging
 - Level 1.0 Stealth
   Level 1.0 Shields
 * Level 1.9 Spellcasting
   Level 1.0 Translocations
 - Level 1.0 Poison Magic


You had 3 spell levels left.
You knew the following spells:

 Your Spells              Type           Power        Failure   Level
a - Sting                 Tmut/Pois      #...         17%         1

Your spell library contained the following spells:

 Spells                   Type           Power        Failure   Level
 Apportation              Tloc           #.....       14%         1
 Blink                    Tloc           N/A          22%         2
 Gell's Gravitas          Tloc           #.........   38%         3
 Lesser Beckoning         Tloc           #.........   38%         3
 Teleport Other           Tloc           #.......     38%         3
 Portal Projectile        Hex/Tloc       #.....       45%         3
 Spider Form              Tmut/Pois      #.........   45%         3
 Passage of Golubria      Tloc           N/A          80%         4


Dungeon Overview and Level Annotations

Branches:
Dungeon (2/15)


Innate Abilities, Weirdness & Mutations

You have an increased reservoir of magic. (+10% MP)


Message History

The kobold is severely wounded.
The bat hits you but does no damage. The kobold closely misses you.
You hit the kobold but do no damage.
The kobold is severely wounded.
The bat hits you but does no damage. The kobold hits you but does no damage.
You hit the kobold but do no damage.
The kobold is severely wounded.
The kobold looks more healthy.
The bat closely misses you.
The kobold hits you with a cursed -2 short sword.
* * * LOW HITPOINT WARNING * * *
The bat closely misses you.
You see here a stone.
The bat hits you but does no damage. The bat barely misses you.
The kobold hits you with a cursed -2 short sword.
* * * LOW HITPOINT WARNING * * *
The bat hits you but does no damage. The bat hits you but does no damage.
The kobold hits you with a cursed -2 short sword.
You die...

....#........#
............# #.#
#.......#
##.###..(....#
####....(.......#
........(.......#
#....^........#
#.###.....bK......#
#.........@)......#
...#..<..........#
#.............#
#.#.###########
###.#.#.# ........#
###.#.#.# ........#
###..#...


You could see a bat and a kobold.

Vanquished Creatures
  An adder (D:2)
  2 bats (D:1)
  2 giant cockroaches
  2 goblins (D:1)
  4 hobgoblins (D:1)
  4 jackals (D:1)
  A ball python (D:1)
  3 frilled lizards (D:1)
  3 rats
22 creatures vanquished.

Notes
Turn   | Place    | Note
-------+----------+-------------------------------------------
     0 | D:1      | MrRokkomies the Demigod Wanderer began the quest for the
                  | Orb.
     0 | D:1      | MrRokkomies set off with the following items: a +0 dagger,
                  | a +0 robe; and the following spells available to memorise:
                  | Apportation, Sting, Blink, Gell's Gravitas, Lesser
                  | Beckoning, Teleport Other, Portal Projectile, Spider Form,
                  | Passage of Golubria
     0 | D:1      | Reached XP level 1. HP: 16/16 MP: 4/4
     2 | D:1      | Learned a level 1 spell: Sting
   246 | D:1      | Reached skill level 1 in Dodging
   302 | D:1      | Reached XP level 2. HP: 11/23 MP: 3/6
  1755 | D:2      | Slain by a kobold

Illustrated notes

Levels and vault maps discovered:
D:1:      enne_arrival_octagon_isle, layout_basic
D:2:      minmay_spotlight, layout_basic, gammafunk_temple_overflow_statue

Skill      XL: |  1 |
---------------+----+-----
Dodging        | 1 |  1.6
Fighting       | |  1.0
Maces & Flails | |  1.0
Armour         | |  2.6
Stealth        | |  1.0
Shields        | |  1.0
Spellcasting   | |  1.9
Translocations | |  1.0
Poison Magic   | |  1.0

Action                   || total
-------------------------++-------
Melee: Dagger            ||    26
       Spear             ||    33
 Cast: Sting             ||    27
  Use: Scroll            ||     1
 Stab: Sleeping          ||     4
Armor: Robe              ||    18
Dodge: Dodged            ||    51

Table legend: (Time is in decaauts)
 A = Elapsed time spent in this place.
 B = Non-inter-level travel time spent in this place.
 C = Inter-level travel time spent in this place.
 D = Time resting spent in this place.
 E = Time spent auto-exploring this place.
 F = Levels seen in this place.
 G = Mean time per level.
                   A        B        C        D        E       F      G
               +--------+--------+--------+--------+--------+-----+--------+
         Total |   1758 |   1726 |     32 |    262 |   1241 |   2 |  879.0 |
       Dungeon |   1758 |   1726 |     32 |    262 |   1241 |   2 |  879.0 |
               +--------+--------+--------+--------+--------+-----+--------+

Top non-repeatable levels by time:
     D:1: 1593 daAuts
     D:2: 164 daAuts
